[Event "Turkish Second League 2019"]
[Site "Konya"]
[Date "2019.07.25"]
[Round "5"]
[White "Demirag, Batuhan"]
[Black "Yurtoglu, Osman Talha"]
[Result "0-1"]
[ECO "E60"]
[WhiteElo "1939"]
[BlackElo "1923"]
[Annotator "NA"]
[PlyCount "86"]
[EventDate "2019.07.22"]
[EventType "team-tourn"]
[EventCountry "TUR"]
[SourceTitle "playchess.com"]
[Source "ChessBase"]
[SourceQuality "1"]
[TimeControl "5400+30"]

1. Nf3 Nf6 2. c4 g6 3. b3 Bg7 4. Bb2 d6 5. d4 O-O 6. g3 Nbd7 7. Bg2 e5 8. dxe5 dxe5 9. O-O e4 10. Ng5 e3 11. f3 h6 12. Nh3 Qe7 13. Nc3 g5 14. Nd5 Nxd5 15. Bxg7 Kxg7 16. Qxd5 Nf6 17. Qa5 b6 18. Qc3 Bb7 19. Rfd1 Rad8 20. Rac1 c5 21. Kf1 Kg8 22. Ke1 Rfe8 23. Rxd8 Rxd8 24. Rd1 Rxd1+ 25. Kxd1 Ng4 26. fxg4 Bxg2 27. Ng1 Qe4 28. Kc1 Kf8 29. Kb2 Ke7 30. a4 a5 31. h4 Ke6 32. Ka3 Qd4 33. Qxd4 cxd4 34. hxg5 hxg5 35. b4 Kd6 36. Kb3 Kc6 37. Ka3 f6 38. Kb3 Be4 39. Ka3 axb4+ 40. Kxb4 Bg2 41. Ka3 Kc5 42. Kb3 Bc6 43. Kc2 Kxc4 0-1

[Event "Turkish Second League 2019"]
[Site "Konya"]
[Date "2019.07.25"]
[Round "5"]
[White "Degirmenci, Yagiz"]
[Black "Ozsakallioglu, Akin"]
[Result "0-1"]
[ECO "E91"]
[WhiteElo "1923"]
[BlackElo "1901"]
[Annotator "NA"]
[PlyCount "138"]
[EventDate "2019.07.22"]
[EventType "team-tourn"]
[EventCountry "TUR"]
[SourceTitle "playchess.com"]
[Source "ChessBase"]
[SourceQuality "1"]
[TimeControl "5400+30"]

1. d4 Nf6 2. c4 g6 3. Nc3 Bg7 4. e4 d6 5. Nf3 Bg4 6. Be2 O-O 7. h3 Bxf3 8. Bxf3 Nfd7 9. O-O Nc6 10. Be3 e5 11. d5 Nd4 12. Bxd4 exd4 13. Ne2 d3 14. Qxd3 Bxb2 15. Rab1 Be5 16. g3 Nc5 17. Qc2 Re8 18. Bg2 b6 19. Nc1 Qd7 20. Nd3 Qa4 21. Qxa4 Nxa4 22. Nxe5 Rxe5 23. f4 Re7 24. e5 Rae8 25. e6 Nc5 26. Rbe1 Kg7 27. f5 gxf5 28. exf7 Kxf7 29. Rxf5+ Kg6 30. Ref1 Nd7 31. h4 Re1 32. h5+ Kh6 33. Rf7 R8e7 34. Rxe7 Rxe7 35. Bf3 Re3 36. Kf2 Ra3 37. g4 Ne5 38. Be2 Kg7 39. g5 Nf7 40. Rg1 Ne5 41. Ra1 Rc3 42. a4 a5 43. Ra2 Nf7 44. g6 hxg6 45. hxg6 Ne5 46. Ra1 Nxc4 47. Bxc4 Rxc4 48. Ke3 Kxg6 49. Kd3 Rb4 50. Rc1 Kf6 51. Rxc7 Ke5 52. Rc4 Kxd5 53. Rc1 Rxa4 54. Rh1 Ra3+ 55. Kc2 Rg3 56. Rh5+ Kc4 57. Rh4+ Kc5 58. Rh8 b5 59. Kb2 a4 60. Ka2 d5 61. Rc8+ Kb4 62. Rc2 d4 63. Rb2+ Rb3 64. Rh2 d3 65. Rh8 Kc3 66. Rc8+ Kd2 67. Rh8 Kc2 68. Rh1 d2 69. Rh2 Rd3 0-1

[Event "Turkish Second League 2019"]
[Site "Konya"]
[Date "2019.07.25"]
[Round "5"]
[White "Can, Furkan"]
[Black "Ozdemir, Serhan Berat"]
[Result "1-0"]
[ECO "D02"]
[WhiteElo "1900"]
[BlackElo "1985"]
[Annotator "NA"]
[PlyCount "93"]
[EventDate "2019.07.22"]
[EventType "team-tourn"]
[EventCountry "TUR"]
[SourceTitle "playchess.com"]
[Source "ChessBase"]
[SourceQuality "1"]
[TimeControl "5400+30"]

1. d4 Nf6 2. Nf3 g6 3. Nbd2 d5 4. e3 Bg7 5. b4 O-O 6. c4 dxc4 7. Bxc4 Nbd7 8. Bb2 c6 9. a4 Nb6 10. Be2 Bf5 11. O-O Nbd5 12. b5 Rc8 13. Qb3 Be6 14. Qa3 Qd6 15. Rfc1 Qxa3 16. Bxa3 cxb5 17. axb5 Bh6 18. h3 Rxc1+ 19. Rxc1 Rc8 20. Rxc8+ Bxc8 21. Bc4 Kf8 22. g4 Nxe3 23. fxe3 Bxe3+ 24. Kg2 a6 25. bxa6 bxa6 26. Nb3 Bb7 27. Nc5 Ba8 28. Bb2 h5 29. Kg3 hxg4 30. hxg4 g5 31. Ne5 e6 32. Bxa6 Bf4+ 33. Kh3 Kg7 34. Bb7 Bxb7 35. Nxb7 Ne4 36. Kg2 f6 37. Nd3 Bc7 38. Nbc5 Nxc5 39. dxc5 Kf7 40. Kf3 f5 41. Be5 Ba5 42. c6 Ke7 43. Nc5 Bb6 44. Nb7 Ba7 45. Bf6+ Kxf6 46. c7 fxg4+ 47. Ke4 1-0

[Event "Turkish Second League 2019"]
[Site "Konya"]
[Date "2019.07.25"]
[Round "5"]
[White "Abdimanoglu, Beste Basak"]
[Black "Kara, Gulce Nehir"]
[Result "0-1"]
[ECO "D35"]
[WhiteElo "1898"]
[BlackElo "1767"]
[Annotator "NA"]
[PlyCount "104"]
[EventDate "2019.07.22"]
[EventType "team-tourn"]
[EventCountry "TUR"]
[SourceTitle "playchess.com"]
[Source "ChessBase"]
[SourceQuality "1"]
[TimeControl "5400+30"]

1. d4 d5 2. c4 e6 3. Nc3 Nf6 4. cxd5 exd5 5. Bg5 c6 6. e3 Bf5 7. g4 Bd7 8. h3 Bd6 9. Nge2 h6 10. Bh4 Na6 11. Bg2 Qc7 12. Qd2 g5 13. Bg3 O-O-O 14. Rc1 Bxg3 15. Nxg3 Qd6 16. Nb5 Qe7 17. Nc3 Kb8 18. a3 h5 19. gxh5 Nxh5 20. Nxh5 Rxh5 21. Ne2 Rdh8 22. Qc2 Bxh3 23. Rxh3 Rxh3 24. Bxh3 Rxh3 25. Qf5 Rh1+ 26. Kd2 Rxc1 27. Kxc1 Nc7 28. Ng1 Ne8 29. Qe5+ Qxe5 30. dxe5 f6 31. Nf3 g4 32. exf6 Nxf6 33. Nh2 Kc7 34. Kd1 Kd6 35. Ke2 Ke5 36. Nf1 Ne4 37. Nh2 Kf5 38. Nf1 c5 39. Nh2 b5 40. Nf1 a5 41. Nh2 a4 42. Nf1 b4 43. Nh2 Nd6 44. Kd3 bxa3 45. bxa3 Nb5 46. Nf1 c4+ 47. Kd2 Nxa3 48. Ng3+ Ke5 49. Kc3 Nb5+ 50. Kc2 a3 51. Ne2 Ke4 52. Ng1 c3 0-1

[Event "Turkish Second League 2019"]
[Site "Konya"]
[Date "2019.07.25"]
[Round "5"]
[White "Sade, Defne"]
[Black "Ozbek, Busra"]
[Result "1/2-1/2"]
[ECO "B86"]
[WhiteElo "1897"]
[BlackElo "1866"]
[Annotator "NA"]
[PlyCount "89"]
[EventDate "2019.07.22"]
[EventType "team-tourn"]
[EventCountry "TUR"]
[SourceTitle "playchess.com"]
[Source "ChessBase"]
[SourceQuality "1"]
[TimeControl "5400+30"]

1. e4 c5 2. Nf3 d6 3. d4 cxd4 4. Nxd4 Nf6 5. Nc3 a6 6. Bc4 e6 7. a3 Be7 8. Ba2 Nc6 9. O-O O-O 10. h3 Qc7 11. Be3 b5 12. f4 Bb7 13. Qe2 Na5 14. Bf2 Rfd8 15. Rae1 Rac8 16. e5 dxe5 17. fxe5 Nd5 18. Nxd5 Bxd5 19. Bxd5 Rxd5 20. c3 Nc4 21. Bg3 Bc5 22. Qf2 Rf8 23. b4 Ba7 24. Qf4 Qd7 25. Bh4 Bb8 26. Nf3 f6 27. Qg4 Nxe5 28. Nxe5 Bxe5 29. Rd1 Rd8 30. Rde1 Kh8 31. Rf3 Rc8 32. Bg3 Bxg3 33. Qxg3 e5 34. Re4 Rc4 35. Rxe5 Rxe5 36. Qxe5 h6 37. Qb8+ Rc8 38. Qg3 Qd1+ 39. Kh2 Rd8 40. Re3 Rd7 41. Re8+ Kh7 42. Qb8 Qd6+ 43. Qxd6 Rxd6 44. Rc8 Kg6 45. Rc7 1/2-1/2

[Event "Turkish Second League 2019"]
[Site "Konya"]
[Date "2019.07.25"]
[Round "5"]
[White "Ozcoban, Kadir"]
[Black "Dere, Abdullah Dogukan"]
[Result "1/2-1/2"]
[ECO "B27"]
[WhiteElo "1850"]
[BlackElo "1960"]
[Annotator "NA"]
[PlyCount "84"]
[EventDate "2019.07.22"]
[EventType "team-tourn"]
[EventCountry "TUR"]
[SourceTitle "playchess.com"]
[Source "ChessBase"]
[SourceQuality "1"]
[TimeControl "5400+30"]

1. e4 c5 2. Nf3 g6 3. d4 cxd4 4. Qxd4 Nf6 5. Nc3 Nc6 6. Qa4 d6 7. e5 dxe5 8. Nxe5 Bd7 9. Nxd7 Qxd7 10. Be3 Bg7 11. Rd1 Qc8 12. Be2 O-O 13. O-O a6 14. Qb3 Rb8 15. a4 Nd7 16. Nd5 e6 17. Nb6 Nxb6 18. Bxb6 Be5 19. Qa3 Bc7 20. Qc5 Bxb6 21. Qxb6 Ne5 22. c3 Nd7 23. Qd6 Rd8 24. a5 Nf6 25. Qxd8+ Qxd8 26. Rxd8+ Rxd8 27. Rd1 Rb8 28. Rd6 Kf8 29. Bf3 Ke7 30. Rb6 Nd5 31. Bxd5 exd5 32. Kf1 Kd7 33. Ke2 Re8+ 34. Kd3 Kc7 35. Rf6 Re7 36. Kd4 Rd7 37. Kc5 Kc8 38. b4 Kc7 39. h4 Kc8 40. Rd6 Rc7+ 41. Kxd5 Rxc3 42. Rf6 Rc7 1/2-1/2

[Event "Turkish Second League 2019"]
[Site "Konya"]
[Date "2019.07.25"]
[Round "5"]
[White "Kisadere, Kutay"]
[Black "Celikel, Fatih"]
[Result "1/2-1/2"]
[ECO "B09"]
[WhiteElo "1770"]
[BlackElo "1868"]
[Annotator "NA"]
[PlyCount "136"]
[EventDate "2019.07.22"]
[EventType "team-tourn"]
[EventCountry "TUR"]
[SourceTitle "playchess.com"]
[Source "ChessBase"]
[SourceQuality "1"]
[TimeControl "5400+30"]

1. e4 d6 2. d4 Nf6 3. Nc3 g6 4. f4 Bg7 5. Nf3 O-O 6. Be3 a6 7. e5 Ng4 8. Bg1 c5 9. h3 cxd4 10. Bxd4 dxe5 11. fxe5 Nh6 12. Ne4 Nc6 13. Bc3 Qc7 14. Qc1 b5 15. a3 Rd8 16. Bd3 Nf5 17. O-O Nxe5 18. Nxe5 Bxe5 19. Bxe5 Qxe5 20. Qe1 Bb7 21. Nc3 Qd4+ 22. Qf2 Qxf2+ 23. Rxf2 Nd6 24. Re1 e6 25. Rf4 Rac8 26. a4 Rc5 27. axb5 axb5 28. Rb4 Bc6 29. Ra1 Rg5 30. Bf1 Nc4 31. Rd1 Ra8 32. Kf2 Rf5+ 33. Ke2 Rc8 34. g4 Re5+ 35. Kf2 Be8 36. Bxc4 bxc4 37. Rd4 Rec5 38. Ne4 R5c7 39. Nd6 Rd7 40. Nxc8 Rxd4 41. Ke3 e5 42. Nb6 f5 43. gxf5 gxf5 44. Rxc4 f4+ 45. Kf2 Rd2+ 46. Ke1 Rh2 47. Rc8 Kf7 48. Nc4 Rh1+ 49. Kf2 Ke7 50. Nxe5 Rxh3 51. Nd3 Bh5 52. Rc7+ Kf6 53. Rxh7 Kf5 54. Rg7 f3 55. Rc7 Rh2+ 56. Kf1 Rh1+ 57. Kf2 Rh2+ 58. Kf1 Be8 59. b3 Bh5 60. b4 Bg4 61. Nf2 Bh3+ 62. Nxh3 Rxh3 63. Kf2 Ke4 64. Re7+ Kd4 65. Rc7 Ke4 66. Rc4+ Kd5 67. Rc5+ Ke4 68. Rc4+ Kd5 1/2-1/2

[Event "Turkish Second League 2019"]
[Site "Konya"]
[Date "2019.07.25"]
[Round "5"]
[White "Alaoglu, Niyazi Bekirhan"]
[Black "Kayan, Veli"]
[Result "0-1"]
[ECO "A45"]
[WhiteElo "1769"]
[BlackElo "1863"]
[Annotator "NA"]
[PlyCount "90"]
[EventDate "2019.07.22"]
[EventType "team-tourn"]
[EventCountry "TUR"]
[SourceTitle "playchess.com"]
[Source "ChessBase"]
[SourceQuality "1"]
[TimeControl "5400+30"]

1. d4 Nf6 2. Bg5 c6 3. c3 Qa5 4. Bxf6 gxf6 5. e4 d5 6. exd5 Qxd5 7. Qf3 Qg5 8. Qe3 Qg6 9. f4 Be6 10. Nd2 Nd7 11. Ngf3 Qc2 12. Bc4 Bxc4 13. Nxc4 e6 14. O-O O-O-O 15. Rf2 Qf5 16. b4 Qd5 17. Qd3 h5 18. a4 Bh6 19. g3 Kb8 20. Ne3 Qd6 21. c4 f5 22. d5 cxd5 23. c5 Qc7 24. Nd4 h4 25. Nb5 Qc6 26. Nd4 Qc8 27. c6 hxg3 28. Rc2 Rdg8 29. cxd7 gxh2+ 30. Kh1 Qxd7 31. Ng2 Rg4 32. Qe3 Bg7 33. Nb5 d4 34. Qd3 a6 35. Na3 e5 36. fxe5 Bxe5 37. Nc4 Bc7 38. Rd1 Rhg8 39. Rf1 Qd5 40. Qf3 Qe4 41. Re2 Qxf3 42. Rxf3 d3 43. Rd2 Rxc4 44. Rfxd3 Rxb4 45. Rd5 f4 0-1

[Event "Turkish Second League 2019"]
[Site "Konya"]
[Date "2019.07.25"]
[Round "5"]
[White "Demirci, Fatih"]
[Black "Acar, Cengiz Can"]
[Result "0-1"]
[ECO "B01"]
[WhiteElo "1763"]
[BlackElo "1756"]
[Annotator "NA"]
[PlyCount "38"]
[EventDate "2019.07.22"]
[EventType "team-tourn"]
[EventCountry "TUR"]
[SourceTitle "playchess.com"]
[Source "ChessBase"]
[SourceQuality "1"]
[TimeControl "5400+30"]

1. e4 d5 2. exd5 Qxd5 3. Nc3 Qd6 4. d4 c6 5. Bc4 Nf6 6. Nge2 Bg4 7. Qd3 Nbd7 8. Bf4 Qb4 9. O-O e6 10. Rfe1 Bf5 11. Qe3 Qxc4 12. b3 Qb4 13. Ng3 Bxc2 14. Rac1 Bg6 15. a3 Qxa3 16. d5 Bc5 17. Qf3 O-O 18. dxe6 fxe6 19. Ra1 Qxb3 0-1

[Event "Turkish Second League 2019"]
[Site "Konya"]
[Date "2019.07.25"]
[Round "5"]
[White "Zuberoglu, Ibrahim Berk"]
[Black "Danaci, Ege"]
[Result "1-0"]
[ECO "A13"]
[WhiteElo "1737"]
[BlackElo "1976"]
[Annotator "NA"]
[PlyCount "131"]
[EventDate "2019.07.22"]
[EventType "team-tourn"]
[EventCountry "TUR"]
[SourceTitle "playchess.com"]
[Source "ChessBase"]
[SourceQuality "1"]
[TimeControl "5400+30"]

1. Nf3 Nf6 2. g3 e6 3. Bg2 d5 4. c4 dxc4 5. a4 Nc6 6. a5 Bb4 7. a6 O-O 8. O-O Nd5 9. Qc2 b5 10. b3 cxb3 11. Qxb3 Rb8 12. Bb2 Na5 13. Qc2 Nc4 14. Ne5 Nxe5 15. Bxe5 Be7 16. e4 Bf6 17. Bxf6 Qxf6 18. Ra5 Nb4 19. Qxc7 Bxa6 20. Qc5 Qb2 21. Nc3 Rfc8 22. Qe3 Qc2 23. e5 Rb6 24. Be4 Qb3 25. Rb1 Qc4 26. Ne2 Nd5 27. Qf3 b4 28. d3 Qc7 29. Bxd5 exd5 30. Nf4 Qxe5 31. Nxd5 Rbc6 32. Kg2 Bb7 33. Rxa7 R6c7 34. Ra5 Rc5 35. Rxc5 Rxc5 36. Nf6+ gxf6 37. Qxb7 Rb5 38. Qc8+ Kg7 39. Qg4+ Qg5 40. Rxb4 Rd5 41. Qc8 Rc5 42. Qg4 Rd5 43. Qf3 h5 44. h4 Qf5 45. Qxf5 Rxf5 46. Rf4 Rd5 47. d4 f5 48. Kf3 Kf6 49. Ke3 Ra5 50. Kd3 Ra1 51. Kc4 Ra3 52. Kb4 Rd3 53. Kc4 Ra3 54. Kb4 Rd3 55. Kc5 Ke6 56. Kc4 Ra3 57. d5+ Ke5 58. Kc5 Rc3+ 59. Rc4 Rd3 60. f4+ Kf6 61. Kd6 Rxg3 62. Kd7 Rd3 63. Rc6+ Kg7 64. d6 f6 65. Kc8 Kf7 66. Rc7+ 1-0

[Event "Turkish Second League 2019"]
[Site "Konya"]
[Date "2019.07.25"]
[Round "5"]
[White "Guney, Gamze Nur"]
[Black "Ozsayin, Elif"]
[Result "0-1"]
[ECO "C41"]
[WhiteElo "1735"]
[BlackElo "1642"]
[Annotator "NA"]
[PlyCount "106"]
[EventDate "2019.07.22"]
[EventType "team-tourn"]
[EventCountry "TUR"]
[SourceTitle "playchess.com"]
[Source "ChessBase"]
[SourceQuality "1"]
[TimeControl "5400+30"]

1. e4 e5 2. Nf3 d6 3. d4 exd4 4. Nxd4 Nf6 5. Nc3 g6 6. Bg5 Bg7 7. Be2 Nbd7 8. Qd2 Nc5 9. f3 h6 10. Be3 Be6 11. O-O-O Qe7 12. g4 O-O-O 13. h4 c6 14. Rhg1 Ne8 15. Nxc6 bxc6 16. Bxc5 dxc5 17. Ba6+ Kc7 18. Nb5+ Kb6 19. Qxd8+ Qxd8 20. Rxd8 cxb5 21. Bc8 Bf6 22. Bxe6 Bxd8 23. Bxf7 g5 24. Rd1 Bc7 25. h5 Nd6 26. Be6 Rf8 27. Bd5 Nc8 28. Be6 Ne7 29. Rd7 Nc6 30. Bf5 Rd8 31. Rxd8 Bxd8 32. c3 Ne5 33. Kd2 Nxf3+ 34. Ke3 Ne5 35. b3 Bf6 36. a3 a5 37. Be6 a4 38. bxa4 Nc4+ 39. Kd3 Nb2+ 40. Kc2 Nxa4 41. c4 b4 42. Kb3 Ka5 43. Bd7 Nc3 44. Bf5 Ne2 45. axb4+ cxb4 46. Bd7 Nd4+ 47. Ka2 b3+ 48. Ka3 Be7+ 49. Kb2 Kb4 50. Bb5 Bf6 51. Ba6 Ne2+ 52. Kb1 Ka3 53. c5 Nc3+ 0-1

[Event "Turkish Second League 2019"]
[Site "Konya"]
[Date "2019.07.25"]
[Round "5"]
[White "Ekici, Emre"]
[Black "Ilhan, Huseyin"]
[Result "0-1"]
[ECO "A43"]
[WhiteElo "1697"]
[BlackElo "1778"]
[Annotator "NA"]
[PlyCount "68"]
[EventDate "2019.07.22"]
[EventType "team-tourn"]
[EventCountry "TUR"]
[SourceTitle "playchess.com"]
[Source "ChessBase"]
[SourceQuality "1"]
[TimeControl "5400+30"]

1. d4 c5 2. Bf4 cxd4 3. Nf3 Nc6 4. Nxd4 Nf6 5. Nc3 Qb6 6. Nb3 d6 7. e4 Be6 8. Be3 Qd8 9. Be2 g6 10. O-O a6 11. f4 b5 12. Bf3 Rc8 13. Nd4 Nxd4 14. Bxd4 Bg7 15. Nd5 Bxd5 16. exd5 O-O 17. c3 Qd7 18. a4 Rb8 19. axb5 axb5 20. Qb3 Rb7 21. Ra5 Rfb8 22. Rfa1 Qf5 23. g3 h5 24. Ba7 Qd3 25. Kg2 Ng4 26. Bxg4 hxg4 27. Bxb8 Qf3+ 28. Kg1 Bd4+ 29. cxd4 Qxb3 30. Ra8 Kg7 31. R1a7 Qe3+ 32. Kg2 Qxd4 33. Ra3 Qxb2+ 34. Kg1 Rxb8 0-1

[Event "Turkish Second League 2019"]
[Site "Konya"]
[Date "2019.07.25"]
[Round "5"]
[White "Bozkurt, Serkan"]
[Black "Saritarla, Abdullah"]
[Result "1-0"]
[ECO "E02"]
[WhiteElo "1689"]
[BlackElo "1627"]
[Annotator "NA"]
[PlyCount "91"]
[EventDate "2019.07.22"]
[EventType "team-tourn"]
[EventCountry "TUR"]
[SourceTitle "playchess.com"]
[Source "ChessBase"]
[SourceQuality "1"]
[TimeControl "5400+30"]

1. Nf3 Nf6 2. g3 d5 3. Bg2 e6 4. O-O Be7 5. d4 O-O 6. c4 c6 7. Nc3 Nbd7 8. Qb3 dxc4 9. Qxc4 Nb6 10. Qb3 a5 11. e4 a4 12. Qc2 a3 13. b3 Bb4 14. Bd2 Nbd7 15. Rfd1 Qa5 16. Ne2 Bxd2 17. Rxd2 e5 18. Rc1 Re8 19. Nc3 exd4 20. Rxd4 Ne5 21. Ra4 Bh3 22. Rxa5 Nxf3+ 23. Bxf3 Rxa5 24. Rd1 Rc5 25. Qd2 Rce5 26. Re1 b5 27. Qd6 Nxe4 28. Rxe4 Rxe4 29. Nxe4 f5 30. Qxc6 Kf8 31. Qd6+ Kg8 32. Qd7 Kf8 33. Qxe8+ Kxe8 34. Nd6+ Kd7 35. Nxb5 f4 36. g4 h5 37. gxh5 Bf5 38. Bc6+ Ke7 39. Nxa3 Bd3 40. Nc4 Bb1 41. a4 Ba2 42. Nd2 Kd6 43. Be4 Kc5 44. Kf1 Kb4 45. Ke1 Kc3 46. a5 1-0

[Event "Turkish Second League 2019"]
[Site "Konya"]
[Date "2019.07.25"]
[Round "5"]
[White "Mustu, Hatice Asli"]
[Black "Catal, Uktenur"]
[Result "1-0"]
[ECO "D02"]
[WhiteElo "1679"]
[BlackElo "1885"]
[Annotator "NA"]
[PlyCount "135"]
[EventDate "2019.07.22"]
[EventType "team-tourn"]
[EventCountry "TUR"]
[SourceTitle "playchess.com"]
[Source "ChessBase"]
[SourceQuality "1"]
[TimeControl "5400+30"]

1. d4 Nf6 2. Bf4 e6 3. Nf3 d5 4. e3 c5 5. c3 Nc6 6. Nbd2 Bd6 7. Bg3 O-O 8. Bd3 b6 9. Qe2 Bb7 10. Rd1 c4 11. Bc2 b5 12. e4 Be7 13. e5 Nd7 14. h4 Re8 15. Ng5 g6 16. f4 Nf8 17. Bf2 f6 18. Ngf3 f5 19. h5 Kg7 20. Nh4 b4 21. Bb1 bxc3 22. bxc3 g5 23. fxg5 Bxg5 24. Nhf3 h6 25. Bh4 Nh7 26. Rh3 Kh8 27. Nxg5 hxg5 28. Bf2 g4 29. Rh2 Qa5 30. Qe3 Ne7 31. Bg3 Bc6 32. Rc1 Qa3 33. Nf1 Rab8 34. Bf4 Ng8 35. g3 Rb2 36. Rxb2 Qxb2 37. h6 Qa3 38. Qf2 Rb8 39. Qh2 Be8 40. Qh4 Qe7 41. Qh2 Ng5 42. Nd2 Nh3 43. Be3 Qa3 44. Nf1 Rb2 45. Bd2 Rb7 46. Ne3 Ng5 47. Qe2 Nf3+ 48. Kf2 Nxd2 49. Qxd2 Rb2 50. Nc2 Qf8 51. Rh1 Kh7 52. Qc1 Rb7 53. Qf4 Bg6 54. Ke2 Qb8 55. Qc1 Rb2 56. Kd2 Rb6 57. Ne3 Ne7 58. Qa3 Ng8 59. Bc2 Rb7 60. Qa6 Rb6 61. Qa3 Qb7 62. Nxg4 Rb2 63. Ne3 Rb6 64. g4 Qf7 65. gxf5 exf5 66. Nxf5 Bxf5 67. Bxf5+ Qxf5 68. Qxa7+ 1-0

[Event "Turkish Second League 2019"]
[Site "Konya"]
[Date "2019.07.25"]
[Round "5"]
[White "Yildirim, Okan"]
[Black "Bicer, Atakan Mert"]
[Result "0-1"]
[ECO "B49"]
[WhiteElo "1657"]
[BlackElo "1870"]
[Annotator "NA"]
[PlyCount "88"]
[EventDate "2019.07.22"]
[EventType "team-tourn"]
[EventCountry "TUR"]
[SourceTitle "playchess.com"]
[Source "ChessBase"]
[SourceQuality "1"]
[TimeControl "5400+30"]

1. e4 c5 2. Nf3 e6 3. d4 cxd4 4. Nxd4 Nc6 5. Nc3 Qc7 6. Be3 a6 7. Be2 Nf6 8. O-O Be7 9. a4 O-O 10. Nxc6 bxc6 11. a5 c5 12. f3 Bb7 13. Bf2 Bd6 14. g3 Rad8 15. Na4 Be7 16. c4 d5 17. cxd5 exd5 18. exd5 Rfe8 19. Bc4 Nxd5 20. Qb3 Bf8 21. Nb6 Nb4 22. Rad1 Bc6 23. Rxd8 Rxd8 24. Be1 Qb7 25. Rf2 h5 26. Kg2 h4 27. Rd2 Re8 28. Re2 Rxe2+ 29. Bxe2 Qe7 30. Kf2 Qe5 31. Bc3 hxg3+ 32. hxg3 Qh5 33. Kg2 Bd6 34. Nc8 Bf8 35. Nb6 Bd6 36. Nc8 Bf8 37. Nb6 Nd3 38. Bd2 Ne5 39. Qe3 Ng4 40. Qg1 Qe5 41. Bxa6 Bd6 42. Qe1 Qh5 43. Qg1 Ne5 44. Be2 Nxf3 0-1

[Event "Turkish Second League 2019"]
[Site "Konya"]
[Date "2019.07.25"]
[Round "5"]
[White "Guclu, Yagmur"]
[Black "Ibrahimova, Sabina"]
[Result "0-1"]
[ECO "B12"]
[WhiteElo "1516"]
[BlackElo "2190"]
[Annotator "ChessBase"]
[PlyCount "86"]
[EventDate "2019.07.22"]
[EventType "team-tourn"]
[EventCountry "TUR"]
[SourceTitle "playchess.com"]
[Source "ChessBase"]
[SourceQuality "1"]
[TimeControl "5400+30"]

1. e4 c6 2. d4 d5 3. e5 c5 4. c3 Nc6 5. Nf3 Bg4 6. Bb5 Qb6 7. Bxc6+ Qxc6 8. O-O e6 9. Nbd2 cxd4 10. Nxd4 Bxd1 11. Nxc6 Ba4 12. Nd4 Bc5 13. N2f3 Rc8 14. Be3 Ne7 15. Rfe1 O-O 16. Rac1 Rc7 17. h3 Rfc8 18. Re2 Bd7 19. Rce1 Ng6 20. Nb3 b6 21. Rc1 Bf8 22. Nbd4 b5 23. a3 a5 24. Rce1 Ra8 25. Ra1 f6 26. Bd2 fxe5 27. Nxe5 Nxe5 28. Rxe5 Bd6 29. Re2 e5 30. Nf3 e4 31. Nd4 Rac8 32. Rd1 b4 33. axb4 axb4 34. cxb4 Rc4 35. Bc3 Be5 36. Red2 Bf4 37. Re2 Bd6 38. b5 Rb8 39. Red2 Bf4 40. Re2 Bxb5 41. Nxb5 Rxb5 42. Bd4 Bd6 43. Rdd2 Rc1+ 0-1

[Event "Turkish Second League 2019"]
[Site "Konya"]
[Date "2019.07.25"]
[Round "5"]
[White "Konal, Emine Nursel"]
[Black "Ozaltun, Ecem"]
[Result "0-1"]
[ECO "B21"]
[WhiteElo "1306"]
[BlackElo "1551"]
[Annotator "NA"]
[PlyCount "104"]
[EventDate "2019.07.22"]
[EventType "team-tourn"]
[EventCountry "TUR"]
[SourceTitle "playchess.com"]
[Source "ChessBase"]
[SourceQuality "1"]
[TimeControl "5400+30"]

1. e4 c5 2. d4 cxd4 3. c3 dxc3 4. Nxc3 Nc6 5. Nf3 d6 6. Bc4 e6 7. O-O Be7 8. Qe2 Nf6 9. Rd1 Nd7 10. Bf4 e5 11. Be3 O-O 12. Rac1 Nf6 13. Bg5 Bg4 14. Nb5 a6 15. Bxf6 Bxf6 16. Nxd6 Nd4 17. Rxd4 exd4 18. e5 Be7 19. Nxb7 Qb6 20. Qe4 Bxf3 21. Qxf3 Qxb2 22. Rd1 Qc3 23. Bd3 Ra7 24. Qe4 g6 25. h4 Qc7 26. Nd6 Bxd6 27. exd6 Qxd6 28. h5 Re7 29. Qg4 Rfe8 30. hxg6 hxg6 31. Rd2 Re1+ 32. Bf1 Rd8 33. f4 Qb4 34. Rd3 Qb1 35. Rf3 d3 36. Qg5 Qb6+ 37. Kh2 Qd4 38. Rxd3 Qxd3 39. Bxd3 Rxd3 40. Qa5 Re6 41. f5 Red6 42. fxg6 Rxg6 43. a4 Rdd6 44. Qe5 Rde6 45. Qb8+ Kg7 46. a5 Re2 47. Qb7 Rexg2+ 48. Qxg2 Rxg2+ 49. Kxg2 Kf6 50. Kf3 Ke5 51. Ke3 Kd5 52. Kd3 Ke5 0-1

[Event "Turkish Second League 2019"]
[Site "Konya"]
[Date "2019.07.25"]
[Round "5"]
[White "Ozturk, Ecem"]
[Black "Acar, Ilayda"]
[Result "1/2-1/2"]
[ECO "B28"]
[WhiteElo "1268"]
[BlackElo "1346"]
[Annotator "NA"]
[PlyCount "105"]
[EventDate "2019.07.22"]
[EventType "team-tourn"]
[EventCountry "TUR"]
[SourceTitle "playchess.com"]
[Source "ChessBase"]
[SourceQuality "1"]
[TimeControl "5400+30"]

1. e4 c5 2. Nf3 a6 3. c3 d5 4. exd5 Qxd5 5. d4 Nf6 6. Be2 g6 7. O-O Bg7 8. h3 O-O 9. Be3 cxd4 10. Bxd4 Nc6 11. Be3 Rd8 12. Nd4 Nxd4 13. Qxd4 Qxd4 14. Bxd4 Bf5 15. Bf3 Nd5 16. Bxg7 Kxg7 17. Rd1 Nf6 18. Na3 Rxd1+ 19. Rxd1 Rb8 20. Nc4 Be6 21. Rd4 b5 22. Ne5 Bxa2 23. Nc6 Re8 24. Nb4 e5 25. Rd2 Bc4 26. Nxa6 e4 27. Be2 Bxe2 28. Rxe2 Nd5 29. Nc5 e3 30. fxe3 Nxe3 31. Nb3 Re5 32. Nd4 h5 33. Nc2 Nc4 34. Rxe5 Nxe5 35. Nd4 b4 36. cxb4 Nc4 37. b5 Nb6 38. Kf2 Kf6 39. Ke3 Ke5 40. Kd3 Kd5 41. Nc6 Kc5 42. Ne5 Nd5 43. Ke4 f5+ 44. Kf3 g5 45. Nf7 g4+ 46. hxg4 hxg4+ 47. Kg3 Ne3 48. Ne5 Kxb5 49. Kf4 Nxg2+ 50. Kxf5 Ne3+ 51. Kf4 Nc4 52. Nxc4 Kxc4 53. Ke4 1/2-1/2

[Event "Turkish Second League 2019"]
[Site "Konya"]
[Date "2019.07.25"]
[Round "5"]
[White "Goksu, Beyza"]
[Black "Gunes, Deren"]
[Result "1/2-1/2"]
[ECO "D94"]
[WhiteElo "1107"]
[BlackElo "1266"]
[Annotator "NA"]
[PlyCount "98"]
[EventDate "2019.07.22"]
[EventType "team-tourn"]
[EventCountry "TUR"]
[SourceTitle "playchess.com"]
[Source "ChessBase"]
[SourceQuality "1"]
[TimeControl "5400+30"]

1. c4 c6 2. Nc3 Nf6 3. e3 d5 4. d4 g6 5. Nf3 Bg7 6. Be2 O-O 7. O-O e6 8. b3 c5 9. cxd5 Nxd5 10. Nxd5 exd5 11. Ba3 Nd7 12. dxc5 Bxa1 13. c6 bxc6 14. Bxf8 Bf6 15. Bb4 a5 16. Bd2 Ba6 17. Bxa6 Rxa6 18. Qe2 Qb6 19. e4 Ra8 20. exd5 cxd5 21. Rd1 Bg7 22. Be3 Qe6 23. Ng5 Qc6 24. Qd2 Nf6 25. Bd4 Ne4 26. Nxe4 dxe4 27. Bxg7 Kxg7 28. Rc1 Qe6 29. Qd4+ Kg8 30. Re1 Re8 31. f3 e3 32. Qc3 Qe5 33. Qxe5 Rxe5 34. f4 Re4 35. g3 a4 36. Kg2 axb3 37. axb3 e2 38. Kf2 Rb4 39. Rb1 Re4 40. b4 e1=Q+ 41. Rxe1 Rxb4 42. h4 f5 43. Kf3 Kf7 44. Re5 Kf6 45. Re3 h5 46. Re2 Rb6 47. Rd2 Re6 48. Rd4 Rc6 49. Rd2 Rb6 1/2-1/2